 Dungeon Crawl Stone Soup version 0.28-a0-10-g964c8b8 (webtiles) character file.

Game seed: 13070785222796166494

1901 Dorkslayer the Shield-Bearer (level 9, -1/54 HPs)
             Began as a Gargoyle Fighter on July 25, 2021.
             Was a Follower of the Shining One.
             Slain by a gnoll (18 damage)
             ... on level 6 of the Dungeon.
             The game lasted 00:16:55 (5355 turns).

Dorkslayer the Shield-Bearer (Gargoyle Fighter)     Turns: 5355, Time: 00:16:55

Health: -1/54      AC: 20    Str: 24    XL:     9   Next: 15%
Magic:  12/12      EV:  5    Int:  8    God:    the Shining One [*.....]
Gold:   205        SH: 10    Dex:  9    Spells: 8/8 levels left

rFire   . . .      SeeInvis .   a - +0 long sword
rCold   . . .      Faith    .   c - +0 kite shield
rNeg    + . .      Spirit   .   t - +0 plate armour
rPois   ∞          Reflect  .   (no helmet)
rElec   +          Harm     .   (no cloak)
rCorr   .          Rampage  .   p - +0 pair of gloves
Will    .....                   (no boots)
Stlth   ..........              (no amulet)
HPRegen 0.18/turn               j - ring of flight
MPRegen 0.13/turn               (no ring)

@: on berserk cooldown, flying, slowed, glowing, very slow
A: sickness immunity, AC +6, negative energy resistance 1, electricity
resistance, torment resistance 1, petrification resistance
a: Renounce Religion


You were on level 6 of the Dungeon.
You worshipped the Shining One.
The Shining One was aware of your devotion.
You visited 1 branch of the dungeon, and saw 6 of its levels.

You collected 205 gold pieces.

Inventory:

Hand Weapons
 a - a +0 long sword (weapon)
Missiles
 f - 17 poisoned darts (quivered)
Armour
 c - a +0 kite shield (worn)
 p - a +0 pair of gloves (worn)
 t - a +0 plate armour (worn)
Jewellery
 j - a ring of flight (left hand)
Wands
 s - a wand of flame (11)
Scrolls
 e - 2 scrolls of silence {unknown}
 g - 2 scrolls of teleportation
 h - a scroll of holy word {unknown}
 i - 3 scrolls of blinking {unknown}
 q - a scroll of fear {unknown}
 u - a scroll of noise {unknown}
Potions
 b - 2 potions of lignification
 d - a potion of flight {unknown}
 k - 2 potions of curing
 n - 2 potions of degeneration {unknown}
 o - a potion of ambrosia {unknown}
 r - 2 potions of resistance


   Skills:
 + Level 5.5 Fighting
 + Level 5.8 Long Blades
 + Level 1.1 Throwing
 + Level 5.5 Armour
 + Level 1.2 Dodging
 + Level 0.3 Stealth
 + Level 6.3 Shields
 * Level 4.5 Invocations
 * Level 2.9 Evocations


You had 8 spell levels left.
You didn't know any spells.
Your spell library contained the following spells:

 Spells                   Type           Power      Damage    Failure   Level
 Frozen Ramparts          Ice            0%         1d2       100%        3
 Ozocubu's Armour         Ice            0%         N/A       100%        3
 Ice Form                 Ice/Tmut       0%         N/A       100%        4
 Summon Ice Beast         Ice/Summ       0%         N/A       100%        4
 Ozocubu's Refrigeration  Ice            0%         4d5       100%        7


Dungeon Overview and Level Annotations

Branches:
Dungeon (6/15)
 Temple: D:4-7

Altars:
Okawaru
Sif Muna
Wu Jian
The Shining One

Annotations:
D:6 Eustachio


Innate Abilities, Weirdness & Mutations

You are immune to sickness and miasma.
Your stone body is resilient. (AC +6)
You are immune to poison.
You resist negative energy. (rN+)
You are resistant to electric shocks. (rElec)
You are resistant to unholy torment.
You are immune to petrification.


Message History

The gnoll is almost dead.
The crimson imp disappears in a puff of smoke!
The gnoll hits you but does no damage. Space bends around you.
* * * LOW HITPOINT WARNING * * *
Eustachio growls, "To hell with you, honourless miscreant!"
The gnoll hits you with a +2 spear of distortion.
* * * LOW HITPOINT WARNING * * *
Eustachio gestures wildly while chanting.
Eustachio blinks!
You block the gnoll's attack. The gnoll hits you but does no damage.
You blink.
You feel much better. The gnoll hits you but does no damage.
Space warps horribly around you!
The quasit disappears in a puff of smoke!
The gnoll hits you but does no damage.
You blink.
You hit the river rat.
The river rat is lightly wounded.
The gnoll hits you but does no damage. Space warps horribly around you!
* * * LOW HITPOINT WARNING * * *
The river rat bites you but does no damage.
The gnoll hits you but does no damage.
You blink.
Unknown command.
Throw: 18 darts (poison)
Press: ? - help, Q - select action, (/) - cycle Shift-Dir - straight line, f - gnoll
Aim: a gnoll, wielding a +2 spear of distortion (almost dead, 56% to hit)
You throw a poisoned dart.
The poisoned dart closely misses the gnoll.
The poisoned dart hits the river rat.
Eustachio mumbles some strange words.
The crimson imp blinks!
The river rat bites you but does no damage.
Eustachio mumbles some strange words.
Eustachio blinks!
You hear the rusting of a very distant drain.
The crimson imp blinks!
The river rat bites you but does no damage.
You feel better. The river rat barely misses you.
You riposte.
You slash the river rat!
The river rat is almost dead.
The gnoll hits you but does no damage. Space warps horribly around you!!
You die...

#.#####....#
#..........#
########@.5.#####.
#.....<...........
#.######.....####
#### #.#
#..>.5r.....# ...#
#.# #.####g####.#
##†# #.# #.# #r# #
#.####.###.# #@#
##.##......(####.#
#.#.#.#.........<#
.###..############
#.#.### ...## ####


You could see Eustachio, a gnoll, 2 river rats and 2 shadow imps.

Vanquished Creatures
  Edmund (D:5)
  An ice beast (D:5)
  An orc warrior (D:5)
  3 black bears
  3 ogres
  A centaur (D:5)
  3 kobold brigands
  2 scorpions
  A vampire bat (D:4)
  2 howler monkeys
  A crimson imp (D:3)
  2 hounds (D:5)
  A bullfrog skeleton (D:4)
  2 gnoll shamans
  Jessica (D:3)
  3 iguanas
  2 orc wizards (D:4)
  A hound skeleton (D:5)
  6 gnolls
  6 adders
  An adder zombie (D:5)
  2 dart slugs
  15 orcs
  10 bats
  6 endoplasms
  10 goblins
  8 hobgoblins
  7 jackals
  4 quokkas
  5 ball pythons
  A frilled lizard (D:1)
  A goblin skeleton (D:3)
  A goblin zombie (D:3)
  6 hobgoblin zombies (D:3)
  15 kobolds
  An orc skeleton (D:3)
  4 rats
140 creatures vanquished.

Notes
Turn   | Place    | Note
-------+----------+-------------------------------------------
     0 | D:1      | Dorkslayer the Gargoyle Fighter began the quest for the
                  | Orb.
     0 | D:1      | Reached XP level 1. HP: 14/14 MP: 1/1
   134 | D:1      | Reached XP level 2. HP: 19/19 MP: 2/2
   141 | D:1      | Found a faded altar of an unknown god.
   599 | D:2      | Reached XP level 3. HP: 24/24 MP: 3/3
  1559 | D:3      | Noticed Jessica
  1564 | D:3      | Killed Jessica
  1565 | D:3      | Reached skill level 4 in Shields
  1565 | D:3      | Reached XP level 4. HP: 23/29 MP: 4/4
  1945 | D:3      | Found a glowing golden altar of the Shining One.
  2069 | D:3      | Reached XP level 5. HP: 33/33 MP: 5/5
  2084 | D:3      | Became a worshipper of the Shining One
  2428 | D:4      | Noticed a black bear
  2460 | D:4      | Killed a black bear
  2461 | D:4      | Reached skill level 1 in Invocations
  2461 | D:4      | Reached XP level 6. HP: 35/38 MP: 5/7
  3214 | D:4      | Reached skill level 5 in Shields
  3214 | D:4      | Reached XP level 7. HP: 29/44 MP: 8/8
  3533 | D:4      | Reached skill level 1 in Dodging
  3920 | D:5      | Entered Level 5 of the Dungeon
  4023 | D:5      | Reached XP level 8. HP: 34/48 MP: 10/10
  4090 | D:5      | Reached skill level 5 in Armour
  4126 | D:5      | Reached skill level 1 in Evocations
  4143 | D:5      | Noticed Edmund
  4155 | D:5      | Reached skill level 5 in Fighting
  4178 | D:5      | Killed Edmund
  4179 | D:5      | Reached skill level 5 in Long Blades
  4179 | D:5      | Reached skill level 6 in Shields
  4414 | D:5      | Reached * piety under the Shining One
  4718 | D:5      | Found an iron altar of Okawaru.
  4823 | D:5      | Found a shimmering blue altar of Sif Muna.
  4825 | D:5      | Found an ornate altar of the Wu Jian Council.
  4899 | D:5      | Reached skill level 1 in Throwing
  4905 | D:5      | Reached XP level 9. HP: 43/54 MP: 12/12
  5289 | D:6      | Noticed Eustachio
  5355 | D:6      | Slain by a gnoll

Illustrated notes

Levels and vault maps discovered:
D:1:      minmay_arrival_four_loops, layout_rooms,
          dreamdust_ecumenical_altar_statues
D:2:      layout_loops_corners
D:3:      layout_loops_ring, nicolae_tso_besieged_by_evil,
          chequers_serial_rivers_room_a, corexii_item_surrounded_by_moat,
          uniq_jessica
D:4:      layout_basic, roderic_batcave
D:5:      layout_basic, minitemple, kennysheep_mini, st_stairs_10, uniq_edmund
D:6:      layout_loops_ring, makhleb_altar_promises_db, zin_statuary,
          minmay_temple_entry_poolview, portal_sewer_entry_d,
          gammafunk_ghost_cemetery, minmay_circle_x, uniq_eustachio

Skill      XL: |  1  2  3  4  5  6  7  8 |
---------------+-------------------------+-----
Long Blades    | 2 3 4 5 |  5.8
Fighting       | 4 5 |  5.5
Shields        | 4 5 6 |  6.3
Armour         | 4 5 |  5.5
Invocations    | 1 2 3 4 |  4.5
Dodging        | 1 |  1.2
Evocations     | 2 |  2.9
Throwing       | 1 |  1.1
Stealth        | |  0.3

Action                   |  1- 3 |  4- 6 |  7- 9 || total
-------------------------+-------+-------+-------++-------
Melee: Long sword        |   131 |   202 |   236 ||   569
Throw: Dart              |       |       |    26 ||    26
Evoke: Wand              |       |       |     8 ||     8
  Use: Potion            |       |     5 |     3 ||     8
       Scroll            |       |     1 |     3 ||     4
Armor: Chain mail        |    81 |   166 |    57 ||   304
       Scale mail        |     6 |       |       ||     6
       Plate armour      |       |       |   143 ||   143
Dodge: Dodged            |    41 |    51 |    77 ||   169
Block: Kite shield       |    78 |   130 |   175 ||   383
       Rpst.: Long sword |    15 |    16 |    20 ||    51

Table legend: (Time is in decaauts)
 A = Elapsed time spent in this place.
 B = Non-inter-level travel time spent in this place.
 C = Inter-level travel time spent in this place.
 D = Time resting spent in this place.
 E = Time spent auto-exploring this place.
 F = Levels seen in this place.
 G = Mean time per level.
                   A        B        C        D        E       F      G
               +--------+--------+--------+--------+--------+-----+--------+
         Total |   5604 |   5586 |     18 |    152 |   2145 |   6 |  934.0 |
       Dungeon |   5604 |   5586 |     18 |    152 |   2145 |   6 |  934.0 |
               +--------+--------+--------+--------+--------+-----+--------+

Top non-repeatable levels by time:
     D:4: 1557 daAuts
     D:5: 1354 daAuts
     D:3: 1008 daAuts
     D:2: 957 daAuts
     D:1: 574 daAuts
     D:6: 152 daAuts
